 Seeded DCSS version 0.31-a0-876-gfe8ebad (webtiles) character file.

Game seed: 1013222285429381515 (custom seed)

62 Ayyar the Stinger (level 4, 0/34 HPs)
             Began as a Meteoran Venom Mage on Oct 13, 2023.
             Was an Initiate of Sif Muna.
             Slain by Grinder (6 damage)
             ... on level 3 of the Dungeon.
             The game lasted 00:11:06 (1125 turns).

Ayyar the Stinger (Meteoran Venom Mage)             Turns: 1125, Time: 00:11:07

Health: 0/34       AC:  2    Str: 12    XL:     4   Next: 53%
Magic:  16/18      EV: 12    Int: 16    God:    Sif Muna [......]
Gold:   117        SH:  0    Dex: 14    Spells: 8/9 levels left

rFire   . . .        h - +0 hand axe
rCold   . . .        (no shield)
rNeg    . . .        a - +0 robe
rPois   .            (no helmet)
rElec   .            (no cloak)
rCorr   .            (no gloves)
SInv    .            (no boots)
Will    .....        (no amulet)
Stlth   +            g - ring of magical power
HPRegen 0.25/turn    (no ring)
MPRegen 0.16/turn

%: no passive effects
@: lethally poisoned (0 -> -3), glowing
A: sense surroundings 1, otherworldly, glowing, explore regen
a: Renounce Religion


You were on level 3 of the Dungeon.
You worshipped Sif Muna.
Sif Muna was noncommittal.
You visited 1 branch of the dungeon, and saw 3 of its levels.

You collected 117 gold pieces.

Inventory:

Hand Weapons
 h - a +0 hand axe (weapon)
Missiles
 e - 4 darts of dispersal
Armour
 a - a +0 robe (worn)
Jewellery
 g - a ring of magical power (left hand)
Scrolls
 d - 3 scrolls of identify {unknown}
 f - a scroll of enchant armour {unknown}
 j - a scroll of amnesia {unknown}
 k - a scroll of brand weapon {unknown}
Potions
 b - a potion of magic
 c - a potion of brilliance {unknown}
 i - a potion of invisibility {unknown}


   Skills:
 + Level 0.9 Fighting
 + Level 1.0 Axes
 + Level 2.6 Dodging
 + Level 1.8 Stealth
 + Level 3.2 Spellcasting
 + Level 2.2 Transmutations
 + Level 4.0 Poison Magic


You had 8 spell levels left.
You knew the following spells:

 Your Spells              Type           Power      Damage    Failure   Level
a - Sting                 Tmut/Pois      48%        1d5       4%          1

Your spell library contained the following spells:

 Spells                   Type           Power      Damage    Failure   Level
 Poisonous Vapours        Pois/Air       18%        N/A       12%         2
 Mephitic Cloud           Conj/Pois/Air  6%         N/A       32%         3
 Olgreb's Toxic Radiance  Pois           15%        N/A       34%         4


Dungeon Overview and Level Annotations

Branches:
Dungeon (3/15) Zot: 667

Altars:
Sif Muna

Annotations:
D:3 Grinder


Innate Abilities, Weirdness & Mutations

You passively map a small area around you.
You are easily found by Zot.
You glow in the dark.
You regain HP and MP as you explore.


Message History

The adder hisses angrily.
Grinder blinks!
The sting hits the adder.
The adder is poisoned.
The adder is moderately wounded.
You miss the adder.
The adder is moderately wounded.
The adder barely misses you.
You closely miss the adder.
The adder is moderately wounded.
The adder barely misses you. The adder bites you.
The sting misses the adder.
The adder barely misses you.
You miss the adder.
The adder is heavily wounded.
The adder bites you.
You are poisoned.
The adder poisons you! The adder misses you.
The sting hits the adder.
The adder looks even sicker.
The adder is severely wounded.
You feel sick. The adder bites you.
You are more poisoned.
The adder poisons you!
Press: ? - help, v - describe, . - travel The floor.
You hit the adder.
You kill the adder!
Sif Muna accepts your kill.
You feel very sick.
Your Axes skill increases to level 1!
You hit Grinder.
Grinder is lightly wounded.
You feel sick. Grinder hits you!
You hit Grinder but do no damage.
Grinder is lightly wounded.
You feel sick.
Grinder says, "Don't move a muscle."
Grinder hits you!
* * * LOW HITPOINT WARNING * * *
You writhe in agony.
You die...
Grinder says, "Now the real fun starts!"

*.....# * .....
* ##... ** *
,,... ,* * **#.#
, * * #.#* #.# ,
##5##
##.@.#####.# *
#..#......# ,, *
##....#####.#
#....## , ####*
#.>).#
...###....### *
*#..........####
*
##..............
, *
#.........####.


You could see Grinder.

Vanquished Creatures
  2 adders
  A worm (D:2)
  A dart slug (D:1)
  3 ball pythons
  2 bats (D:1)
  6 endoplasms
  A giant cockroach (D:1)
  4 goblins (D:1)
  3 hobgoblins
  4 kobolds
  2 quokkas (D:2)
  3 frilled lizards
  4 rats
36 creatures vanquished.

Notes
Turn   | Place    | Note
-------+----------+-------------------------------------------
     0 | D:1      | Ayyar the Meteoran Venom Mage began the quest for the Orb.
     0 | D:1      | Reached XP level 1. HP: 14/14 MP: 5/5
   121 | D:1      | You fall into a shaft and drop 1 floor!
   218 | D:1      | Reached XP level 2. HP: 20/20 MP: 2/6
   336 | D:1      | Reached XP level 3. HP: 26/26 MP: 2/8
   538 | D:1      | Found a faded altar of an unknown god.
   883 | D:2      | Found a shimmering blue altar of Sif Muna.
   900 | D:2      | Became a worshipper of Sif Muna the Loreminder
  1003 | D:2      | Reached XP level 4. HP: 34/34 MP: 9/9
  1052 | D:2      | Reached skill level 4 in Poison Magic
  1110 | D:3      | Noticed Grinder
  1124 | D:3      | Reached skill level 1 in Axes
  1125 | D:3      | Slain by Grinder

Illustrated notes

Levels and vault maps discovered:
D:1:      dreamdust_arrival_sigmund_warning, layout_loops_corners,
          nicolae_ecumenical_snake_handling
D:2:      layout_loops_ring, basic_altar, serial_aquarium,
          aquarium_bridge_square [aquarium_subvault_bridge,
          aquarium_subvault_wall, aquarium_subvault_balcony,
          aquarium_subvault_bridge], aquarium_bridge_square
          [aquarium_subvault_bridge, aquarium_subvault_balcony,
          aquarium_subvault_window, aquarium_subvault_bridge],
          aquarium_window_1, aquarium_window_corner, aquarium_window_fake,
          aquarium_window_corner, aquarium_view_4, aquarium_view_2e
D:3:      layout_loops_ring, nicolae_sif_muna_condensation, uniq_grinder

Skill      XL: |  1  2  3  4 |
---------------+-------------+-----
Spellcasting   | 3 |  3.2
Transmutations | 2 |  2.2
Poison Magic   | 4 |  4.0
Axes           | 1 |  1.0
Fighting       | |  0.9
Dodging        | |  2.6
Stealth        | |  1.8

Action                     |  1- 3 |  4- 6 || total
---------------------------+-------+-------++-------
  Melee: Unarmed           |    14 |       ||    14
         Hand axe          |    21 |    12 ||    33
   Cast: Sting             |    46 |    10 ||    56
 Armour: Robe              |    31 |    11 ||    42
  Dodge: Dodged            |    28 |    10 ||    38

Table legend: (Time is in decaauts)
 A = Elapsed time spent in this place.
 B = Non-inter-level travel time spent in this place.
 C = Inter-level travel time spent in this place.
 D = Time resting spent in this place.
 E = Time spent auto-exploring this place.
 F = Levels seen in this place.
 G = Mean time per level.
                   A        B        C        D        E       F      G
               +--------+--------+--------+--------+--------+-----+--------+
         Total |   1131 |   1117 |     14 |     15 |    496 |   3 |  377.0 |
       Dungeon |   1131 |   1117 |     14 |     15 |    496 |   3 |  377.0 |
               +--------+--------+--------+--------+--------+-----+--------+

Top non-repeatable levels by time:
     D:1: 784 daAuts
     D:2: 311 daAuts
     D:3: 35 daAuts
